AoeStats
← Kanso

Arabia

509912274Analyzed
1v1 RM · 3d ago on Sep 28, 2026· 42m 40s· 2 players
Game mode
Random Map
Map size
Tiny (2 player)
Population
200
Speed
Normal
Resources
Standard
Victory
Conquest
Starting age
Dark Age
Ending age
Imperial Age
RankedLock teamsTeams togetherTeam positionsShared explorationLock speedFull tech treeHidden civsTurbo modeCheats
Victory
Defeat
🇱🇧 Hindustanis · Lebanon
1174
+15
🇬🇧 Lithuanians · United Kingdom
1152
-15
PingSlayer
0:30 Loom
11:17 Feudal Age
15:54 Castle Age
14:58 Double-Bit Axe
15:55 Horse Collar
19:22 Pikeman
21:45 Bow Saw
22:24 Squires
22:28 Scale Mail Armor
23:45 Chain Mail Armor
24:12 Stone Mining
24:55 Fletching
29:32 Heavy Plow
31:41 Stone Shaft Mining
31:24 Gold Mining
32:42 Wheelbarrow
32:54 Arson
33:22 Forging
33:26 Bloodlines
33:20 Husbandry
33:29 Scale Barding Armor
33:40 Masonry
37:04 Imperial Age
35:06 Murder Holes
35:53 Ballistics
36:31 Chain Barding Armor
36:45 Hand Cart
37:44 Iron Casting
37:05 Bodkin Arrow
37:10 Elite Leitis
37:51 Tower Shields
38:12 Conscription
38:30 Plate Barding Armor
38:34 Architecture
37:35 Elite Skirmisher
39:10 Hoardings
37:58 Halberdier
39:36 Thumb Ring
39:36 Bracer
Kanso
9:32 Loom
12:05 Feudal Age
16:40 Castle Age
14:40 Horse Collar
15:02 Double-Bit Axe
15:43 Gold Mining
16:57 Bloodlines
18:45 Scale Barding Armor
19:52 Forging
21:38 Wheelbarrow
23:25 Stone Mining
23:48 Bow Saw
32:37 Imperial Age
30:25 Hand Cart
30:28 Husbandry
31:11 Iron Casting
31:06 Scale Mail Armor
32:06 Chain Barding Armor
32:48 Chain Mail Armor
32:42 Heavy Camel Rider
33:47 Conscription
34:37 Blast Furnace
34:16 Plate Barding Armor
34:13 Elite Ghulam
36:22 Imperial Camel Rider
40:33 Light Cavalry
Connection lost

Rejoining the realm…

Still unreachable

The connection could not be restored.

Session expired

The server has moved on; the page needs a fresh start.